 Dungeon Crawl Stone Soup version 0.20-a0-455-gc3b7d50 (webtiles) character file.

139331 Queen the Bludgeoner (level 16, -11/148 HPs)
             Began as a Gargoyle Berserker on Jan 9, 2017.
             Was a High Priest of Trog.
             Killed from afar by a merfolk aquamancer (22 damage)
             ... with a shard of ice
             ... on level 1 of the Shoals on Jan 10, 2017.
             The game lasted 03:47:56 (24135 turns).

Queen the Bludgeoner (Gargoyle Berserker)          Turns: 24135, Time: 03:47:56

Health: -11/148    AC: 48    Str: 27    XL:     16   Next: 98%
Magic:  5/5        EV:  9    Int:  9    God:    Trog [*****.]
Gold:   1118       SH:  0    Dex: 14    Spells: 15/15 levels left

rFire  . . .     SeeInvis .     H - +6 great mace (antimagic)
rCold  . . .     Gourm    +     O - +9 plate armour
rNeg   + . .     Faith    .     (shield currently unavailable)
rPois  ∞         Spirit   .     Q - +0 helmet
rElec  +         Reflect  .     s - +0 cloak
rCorr  .         Harm     .     V - +0 pair of gloves
MR     ++++.                    S - +0 pair of boots
Stlth  ..........               l - amulet of the gourmand
                                G - ring of protection from magic
                                b - +2 ring of protection

@: berserking, regenerating, very quick
A: big wings, negative energy resistance 1, electricity resistance, wild magic
2, unbreathing, petrification resistance, rot immunity, AC +11
}: 1/15 runes: serpentine
a: Fly, Berserk, Trog's Hand, Brothers in Arms, Burn Spellbooks, Renounce
Religion


You were on level 1 of the Shoals.
You worshipped Trog.
Trog was extremely pleased with you.
You were very full.

You visited 5 branches of the dungeon, and saw 23 of its levels.

You collected 1654 gold pieces.
You spent 536 gold pieces at shops.

Inventory:

Hand Weapons
 H - a +6 antimagic great mace (weapon)
 J - a +7 great mace of protection
Armour
 s - a +0 cloak (worn)
 O - a +9 plate armour (worn)
 Q - a +0 helmet (worn)
 S - a +0 pair of boots (worn)
 V - a +0 pair of gloves (worn)
Jewellery
 b - a +2 ring of protection (left hand)
 l - an amulet of the gourmand (around neck)
 m - an uncursed amulet of guardian spirit
 G - a ring of protection from magic (right hand)
 X - a +3 amulet of reflection {unknown}
Wands
 g - a wand of confusion (32/48)
 j - a wand of polymorph (24/24)
 n - a wand of clouds (7/9)
 u - a wand of flame (39/48)
 C - a wand of disintegration (17/24)
Scrolls
 e - 10 scrolls of remove curse
 h - 2 scrolls of recharging
 x - a scroll of silence
 y - 6 scrolls of teleportation
 z - 3 scrolls of fear
 K - 4 scrolls of fog
 M - a scroll of torment {unknown}
 R - 3 scrolls of blinking
Potions
 d - 10 potions of curing
 f - 2 potions of brilliance
 k - a potion of cure mutation
 q - a potion of resistance
 r - a potion of haste
 t - a potion of agility
 v - 4 potions of flight
 I - a potion of might
 T - a potion of invisibility
 U - a potion of berserk rage
Comestibles
 c - 18 bread rations
 i - 12 meat rations
 o - 29 fruits
 p - 6 beef jerkies
 B - 13 slices of pizza
 D - a royal jelly


   Skills:
 * Level 10.6 Fighting
 - Level 20.0 Maces & Flails
 + Level 19.5 Armour
 - Level 1.5 Dodging


You had 15 spell levels left.
You didn't know any spells.

Dungeon Overview and Level Annotations

Branches:
Dungeon (11/15)            Temple (1/1) D:5            Lair (6/6) D:11
 Shoals (1/4) Lair:2        Snake (4/4) Lair:3          Orc (0/2) D:10
  Slime: Lair:5-6

Altars:
Ashenzari
Cheibriados
Dithmenos
Elyvilon
Fedhas
Gozag
Hepliaklqana
Kikubaaqudgha
Makhleb
Nemelex Xobeh
Okawaru
Qazlal
Ru
Sif Muna
Trog
Uskayaw
Vehumet
Xom
Yredelemnul
Zin
The Shining One
Beogh
Jiyva

Shops:
D:4 (   D:7 *(   D:9 ?   Snake:1 }   Snake:3 }==(

Annotations:
Lair:1 exclusion: 2 oklob plants
Lair:4 exclusion: oklob plant
Lair:6 exclusion: oklob plant
Snake:3 exclusion: ice statue


Innate Abilities, Weirdness & Mutations

You are resistant to torment.
Your stone body is resilient. (AC +11)
You are immune to poison.
Your large and strong wings let you fly indefinitely.
You resist negative energy. (rN+)
You are resistant to electric shocks. (rElec)
You can survive without breathing.
You are immune to petrification.
You are immune to rotting.
Your spells are harder to cast, but more powerful.


Message History

The merfolk aquamancer points at you and mumbles some strange words.
The shard of ice hits you!
* * * LOW HITPOINT WARNING * * *
The snapping turtle bites you from afar!
* * * LOW HITPOINT WARNING * * *
You feel much better. The snapping turtle closely misses you.
The merfolk aquamancer hits you but does no damage.
The merfolk aquamancer casts a spell at you.
The shard of ice hits you!
* * * LOW HITPOINT WARNING * * *
Your skin crawls.
You feel resistant to hostile enchantments.
You feel somewhat less full.
The merfolk aquamancer hits you but does no damage.
A red film seems to cover your vision as you go berserk!
You feel yourself moving faster!
You feel mighty! The snapping turtle closely misses you.
The merfolk aquamancer points at you and mumbles some strange words.
The shard of ice hits you!
You die...

≈...... ##.....≈≈≈≈≈
≈......## ###.......≈≈≈
≈.......####......##..≈≈
≈...≈≈....##...#### .≈≈≈
.....≈≈≈≈...##.#### ≈)≈
.....≈.≈)≈.###....# ≈≈
.≈..≈≈≈≈≈)≈###.≈..##
≈≈≈....≈m.t##..≈...#
≈≈≈≈....@m.........#
....≈..##....≈.....#
..##... ##........... ..
#.....^.≈≈........≈
m.........≈≈≈....≈≈≈
............≈≈≈≈.≈≈≈≈ #
..≈≈≈.≈≈.≈≈≈≈≈≈≈≈≈
#.≈≈..≈≈≈≈≈≈≈≈≈≈≈
..≈≈≈≈≈≈≈≈≈≈≈≈≈


You could see 2 merfolk aquamancers, a snapping turtle and a merfolk
(wandering).

Vanquished Creatures
  Gastronok (Lair:1)
  10 nagarajas
  Louise (Snake:4)
  The ghost of Promi the Peltast, a journeyman HuFi of Okawaru (Lair:3)
  Josephine (D:11)
  Erolcha (D:10)
  4 hydras
  9 naga warriors
  3 merfolk aquamancers (Shoals:1)
  18 anacondas
  3 two-headed ogres
  3 shock serpents
  10 naga sharpshooters
  Nergalle (D:11)
  A fire crab (Lair:6)
  An unseen horror (D:10)
  5 naga ritualists
  Pikel (D:5)
  3 mana vipers
  2 manticores
  An ugly thing (D:11)
  8 elephants
  3 salamanders
  A centaur zombie (D:10)
  48 black mambas
  8 guardian serpents (Snake:4)
  15 naga magi
  A gargoyle (D:10)
  11 spiny frogs
  2 rime drakes
  5 komodo dragons
  A centaur skeleton (D:11)
  4 polar bears
  3 trolls
  Grinder (D:5)
  6 hornets (Lair:6)
  A snapping turtle (Shoals:1)
  14 blink frogs
  A dream sheep (Lair:6)
  6 hippogriffs
  37 yaks
  13 spriggans
  2 water elementals
  3 wraiths (D:11)
  A human (D:7)
  2 wyverns
  Eustachio (D:7)
  2 hogs (D:7)
  4 hungry ghosts
  2 basilisks
  A steam dragon (D:7)
  Edmund (D:6)
  38 nagas
  11 water moccasins
  Duvessa (D:5)
  9 porcupines
  A slave (D:5)
  An ice beast (D:11)
  4 sky beasts
  An eye of draining (D:9)
  7 black bears
  8 orc warriors
  2 necrophages
  2 ogres
  4 boggarts (Lair:6)
  6 phantoms
  48 wolves
  The ghost of nago the Cudgeler, an amateur BaMo (D:3)
  3 centaurs
  10 crocodiles
  A big kobold (D:11)
  A gnoll sergeant (D:7)
  Blork the orc (D:7)
  10 bullfrogs
  2 water moccasin zombies
  A wyvern skeleton (D:11)
  4 scorpions
  Dowan (D:5)
  19 killer bees
  A howler monkey (D:5)
  5 wights (D:6)
  6 electric eels
  7 crimson imps
  9 hounds
  A quasit (D:10)
  2 jellies
  6 orc priests
  12 orc wizards
  Jessica (D:3)
  Ijyb (D:3)
  3 bullfrog skeletons
  3 worker ants
  3 hound zombies
  A hound skeleton (D:5)
  2 worker ant zombies
  14 adders
  7 gnolls
  A howler monkey skeleton (D:6)
  6 river rats (D:5)
  4 shadow imps
  3 oozes
  An adder skeleton (D:5)
  3 worms
  3 dart slugs
  5 leopard geckos
  37 orcs
  5 giant cockroaches
  12 goblins
  12 hobgoblins
  11 jackals
  12 kobolds
  9 quokkas
  A ball python (D:2)
  10 bats
  7 frilled lizards
  A leopard gecko skeleton (D:5)
  31 rats
  A plant (Lair:1)
744 creatures vanquished.

Vanquished Creatures (collateral kills)
  A nagaraja (Snake:4)
  2 naga ritualists (Snake:4)
  A mana viper (Snake:4)
  3 guardian serpents (Snake:4)
  A hippogriff (D:7)
  5 nagas (Snake:4)
  A phantom (D:7)
  An ogre (D:7)
  An orc wizard (D:7)
  A leopard gecko (D:7)
  2 orcs (D:7)
  A quokka (D:7)
20 creatures vanquished.

Vanquished Creatures (others)
  A slave (D:5)
  A killer bee (D:11)
  A quasit (D:5)
  A hound (D:11)
  An orc wizard (D:9)
  2 orcs
  6 fungi
  12 plants
  7 toadstools (Lair:4)
32 creatures vanquished.

Grand Total: 796 creatures vanquished

Notes
Turn   | Place    | Note
-------+----------+-------------------------------------------
     0 | D:1      | Queen the Gargoyle Berserker began the quest for the Orb.
     0 | D:1      | Reached XP level 1. HP: 14/14 MP: 1/1
   188 | D:1      | Reached XP level 2. HP: 11/19 MP: 2/2
   448 | D:1      | Reached skill level 4 in Maces & Flails
   533 | D:1      | Reached XP level 3. HP: 19/23 MP: 3/3
   608 | D:1      | Reached ** piety under Trog
   722 | D:2      | Found a basalt altar of Yredelemnul.
  1054 | D:2      | Reached XP level 4. HP: 23/28 MP: 4/4
  1058 | D:2      | Reached skill level 5 in Maces & Flails
  1523 | D:2      | Found a bloodstained altar of Trog.
  1671 | D:2      | Reached XP level 5. HP: 32/32 MP: 5/5
  1750 | D:2      | Found a sparkling altar of Nemelex Xobeh.
  1750 | D:2      | Found a faded altar of an unknown god.
  1755 | D:2      | Found a radiant altar of Vehumet.
  1757 | D:2      | Found a faded altar of an unknown god.
  1760 | D:2      | Found a white marble altar of Elyvilon.
  1901 | D:3      | Reached *** piety under Trog
  1906 | D:3      | Reached skill level 6 in Maces & Flails
  2164 | D:3      | Noticed Ijyb
  2179 | D:3      | Killed Ijyb
  2247 | D:3      | Found a shadowy altar of Dithmenos.
  2248 | D:3      | Found a bloodstained altar of Trog.
  2310 | D:3      | Found a hazy altar of Hepliaklqana.
  2365 | D:3      | Noticed Jessica
  2368 | D:3      | Killed Jessica
  2368 | D:3      | Reached XP level 6. HP: 37/37 MP: 6/6
  2384 | D:3      | Found a faded altar of an unknown god.
  2654 | D:3      | Noticed nago's ghost (amateur BaMo)
  2687 | D:3      | Killed nago's ghost
  2687 | D:3      | Reached skill level 7 in Maces & Flails
  2899 | D:3      | Found a glowing silver altar of Zin.
  3456 | D:4      | Noticed a phantom
  3495 | D:4      | Killed a phantom
  3495 | D:4      | Reached skill level 8 in Maces & Flails
  3495 | D:4      | Reached XP level 7. HP: 39/41 MP: 7/7
  3681 | D:4      | Found Dyenoum's Antique Weapon Boutique.
  3684 | D:4      | Bought a runed morningstar for 200 gold pieces
  4040 | D:5      | Entered Level 5 of the Dungeon
  4043 | D:5      | Noticed Dowan
  4044 | D:5      | Noticed Duvessa
  4194 | D:5      | Killed Dowan
  4199 | D:5      | Killed Duvessa
  4199 | D:5      | Reached skill level 9 in Maces & Flails
  4265 | D:5      | Reached XP level 8. HP: 39/46 MP: 8/8
  4279 | D:5      | Found a staircase to the Ecumenical Temple.
  4339 | D:5      | Reached skill level 10 in Maces & Flails
  4507 | D:5      | Noticed Grinder
  4510 | D:5      | Noticed Pikel
  4510 | D:5      | Paralysed by Grinder for 4 turns
  4568 | D:5      | Killed Pikel
  4568 | D:5      | Reached skill level 11 in Maces & Flails
  4568 | D:5      | Reached XP level 9. HP: 51/51 MP: 9/9
  4577 | D:5      | Paralysed by Grinder for 2 turns
  4590 | D:5      | Paralysed by Grinder for 2 turns
  4596 | D:5      | Killed Grinder
  4633 | D:5      | Reached **** piety under Trog
  4854 | D:5      | Reached skill level 12 in Maces & Flails
  5214 | D:6      | Noticed Edmund
  5248 | D:6      | Killed Edmund
  5575 | D:6      | Reached ***** piety under Trog
  5787 | D:6      | Reached skill level 5 in Armour
  6138 | D:7      | Found Viric's Assorted Antiques.
  6235 | D:7      | Bought a scroll of identify for 54 gold pieces
  6235 | D:7      | Bought a pair of gloves for 121 gold pieces
  6258 | D:7      | Noticed Blork the orc
  6259 | D:7      | Noticed Eustachio
  6301 | D:7      | Killed Blork the orc
  6330 | D:7      | Killed Eustachio
  6357 | D:7      | Reached XP level 10. HP: 56/56 MP: 10/10
  6370 | D:7      | Received a gift from Trog
  6582 | D:7      | Found Joataxzo's Antique Weapon Shoppe.
  6586 | D:7      | Found a blossoming altar of Fedhas.
  6916 | D:7      | Reached skill level 13 in Maces & Flails
  7216 | D:8      | Noticed a two-headed ogre
  7220 | D:8      | Killed a two-headed ogre
  7490 | D:8      | Reached skill level 14 in Maces & Flails
  7576 | D:8      | Found a sacrificial altar of Ru.
  7779 | D:9      | Reached XP level 11. HP: 60/60 MP: 11/11
  8438 | D:9      | Found Ogee's Magic Scroll Shop.
  8454 | D:9      | Reached skill level 15 in Maces & Flails
  8474 | D:9      | Bought a scroll of enchant armour for 105 gold pieces
  8474 | D:9      | Bought a scroll of identify for 28 gold pieces
  8474 | D:9      | Bought a scroll of identify for 28 gold pieces
  8601 | D:10     | Entered Level 10 of the Dungeon
  8675 | D:10     | Killed an unseen horror
  8824 | D:10     | Noticed Erolcha
  8863 | D:10     | Killed Erolcha
  9095 | D:10     | Found a staircase to the Orcish Mines.
  9125 | D:10     | Reached skill level 16 in Maces & Flails
  9172 | D:10     | Found a roughly hewn altar of Beogh.
  9245 | D:10     | Noticed a two-headed ogre
  9252 | D:10     | Killed a two-headed ogre
  9415 | D:10     | You fall through a shaft!
  9415 | D:11     | Noticed Josephine
  9420 | D:11     | Found a staircase to the Lair.
  9580 | D:11     | Noticed Nergalle
  9594 | D:11     | Killed Nergalle
  9594 | D:11     | Reached XP level 12. HP: 52/64 MP: 12/12
 10053 | D:11     | Killed Josephine
 10053 | D:11     | Reached skill level 17 in Maces & Flails
 10285 | D:11     | Received a gift from Trog
 10445 | D:11     | Noticed a two-headed ogre
 10451 | D:11     | Killed a two-headed ogre
 10993 | Lair:1   | Entered Level 1 of the Lair of Beasts
 11009 | Lair:1   | Noticed Gastronok
 11036 | Lair:1   | Killed Gastronok
 11235 | Lair:1   | Reached skill level 18 in Maces & Flails
 11404 | Lair:1   | Found a sparkling altar of Nemelex Xobeh.
 12127 | Lair:1   | Reached XP level 13. HP: 62/68 MP: 13/13
 12776 | Lair:2   | Reached skill level 19 in Maces & Flails
 12954 | Lair:2   | Found a staircase to the Shoals.
 12969 | Lair:2   | Received a gift from Trog
 13893 | Lair:3   | Noticed Promi's ghost (journeyman HuFi)
 13908 | Lair:3   | Killed Promi's ghost
 14173 | Lair:3   | Found a staircase to the Snake Pit.
 14467 | Lair:4   | Found a radiant altar of Vehumet.
 14490 | Lair:4   | Reached skill level 20 in Maces & Flails
 15030 | Lair:4   | Found a blossoming altar of Fedhas.
 15351 | Lair:5   | Reached skill level 10 in Armour
 15485 | Lair:5   | Gained mutation: Your large and strong wings let you fly indefinitely. [Gargoyle growth]
 15485 | Lair:5   | Reached XP level 14. HP: 49/74 MP: 14/14
 15627 | Lair:5   | Found a dark tunnel.
 16522 | Lair:6   | Entered Level 6 of the Lair of Beasts
 16724 | Lair:6   | Found a labyrinth entrance.
 16807 | Lair:6   | Received a gift from Trog
 17628 | Lair:6   | Received a gift from Trog
 18565 | Temple   | Entered the Ecumenical Temple
 18928 | Snake:1  | Entered Level 1 of the Snake Pit
 19088 | Snake:1  | Gained mutation: Your spells are a little harder to cast, but a little more powerful. [potion of beneficial mutation]
 19133 | Snake:1  | Reached skill level 15 in Armour
 19334 | Snake:1  | Reached XP level 15. HP: 58/78 MP: 15/15
 19500 | Snake:1  | Found Udwyariy's Gadget Emporium.
 19775 | Snake:2  | Noticed a nagaraja
 19784 | Snake:2  | Killed a nagaraja
 19844 | Snake:2  | Noticed a nagaraja
 19868 | Snake:2  | Killed a nagaraja
 20760 | Snake:3  | Found Iloruav's Antique Weapon Shoppe.
 21032 | Snake:3  | Upgraded the game from 0.20-a0-454-g2b43fbb to 0.20-a0-455-gc3b7d50
 21105 | Snake:3  | Received a gift from Trog
 21143 | Snake:3  | Found a frozen archway.
 21320 | Snake:3  | Found Vixtorr's Gadget Boutique.
 21321 | Snake:3  | Found Jeuhasi's Jewellery Shoppe.
 21321 | Snake:3  | Found Vihit's Jewellery Shoppe.
 21372 | Snake:3  | Gained mutation: You are dopey. (Int -2) [potion of mutation]
 21372 | Snake:3  | Gained mutation: You have sharp toenails. [potion of mutation]
 21372 | Snake:3  | Gained mutation: You are weak. (Str -2) [potion of mutation]
 21373 | Snake:3  | Gained mutation: You are partially covered in iridescent scales. (AC +2) [potion of mutation]
 21373 | Snake:3  | Gained mutation: You are very dopey. (Int -4) [potion of mutation]
 21374 | Snake:3  | Gained mutation: Your spells are harder to cast, but more powerful. [potion of mutation]
 21375 | Snake:3  | Gained mutation: You are frail. (-10% HP) [potion of mutation]
 21375 | Snake:3  | Lost mutation: You are very dopey. (Int -4) [potion of mutation]
 21376 | Snake:3  | Lost mutation: You are weak. (Str -2) [potion of cure mutation]
 21376 | Snake:3  | Lost mutation: You are dopey. (Int -2) [potion of cure mutation]
 21376 | Snake:3  | Lost mutation: You are partially covered in iridescent scales. (AC +2) [potion of cure mutation]
 21376 | Snake:3  | Lost mutation: You are frail. (-10% HP) [potion of cure mutation]
 21376 | Snake:3  | Lost mutation: You have sharp toenails. [potion of cure mutation]
 21788 | Snake:4  | Entered Level 4 of the Snake Pit
 21923 | Snake:4  | Noticed a nagaraja
 21934 | Snake:4  | Killed a nagaraja
 22112 | Snake:4  | Reached XP level 16. HP: 81/83 MP: 5/16
 22349 | Snake:4  | Reached skill level 5 in Fighting
 22401 | Snake:4  | Noticed a nagaraja
 22412 | Snake:4  | Killed a nagaraja
 22437 | Snake:4  | Noticed Louise
 22460 | Snake:4  | Killed Louise
 22691 | Snake:4  | Noticed a nagaraja
 22736 | Snake:4  | Killed a nagaraja
 22740 | Snake:4  | HP: 1/135 [guardian serpent (13)]
 23074 | Snake:4  | Noticed a nagaraja
 23092 | Snake:4  | Noticed a nagaraja
 23412 | Snake:4  | Noticed a nagaraja
 23421 | Snake:4  | Killed a nagaraja
 23441 | Snake:4  | Noticed a nagaraja
 23451 | Snake:4  | Killed a nagaraja
 23602 | Snake:4  | Noticed a nagaraja
 23689 | Snake:4  | Noticed a nagaraja
 23711 | Snake:4  | Killed a nagaraja
 23753 | Snake:4  | Killed a nagaraja
 23759 | Snake:4  | Killed a nagaraja
 23759 | Snake:4  | Reached skill level 10 in Fighting
 23763 | Snake:4  | Received a gift from Trog
 23783 | Snake:4  | Got a serpentine rune of Zot
 23885 | Snake:4  | Killed a nagaraja
 24056 | Shoals:1 | Entered Level 1 of the Shoals
 24135 | Shoals:1 | Killed from afar by a merfolk aquamancer

Vault maps used:
D:1:      dpeg_arrival_ratfight
D:2:      chequers_temple_overflow_minitemple, lemuel_round_altar, st_stairs_11,
          trog_butcher_becter
D:3:      minmay_wonky_spiral, lemuel_round_altar,
          gammafunk_temple_overflow_pools, zin_statuary,
          chequers_ecumenical_altar_simple_redux, first_bread,
          kennysheep_generic_room_5, uniq_jessica, uniq_iyjb
D:4:      cheibrodos_quashed, serial_forest, infiniplex_forest_clump_large,
          infiniplex_forest_zigzag_1, infiniplex_forest_clump_diagonal,
          infiniplex_forest_clump_double, infiniplex_forest_end_1,
          infiniplex_forest_lined_room_, serial_shops, kennysheep_mini
D:5:      lemuel_ratsnest, uniq_grinder, uniq_pikel, uniq_duvessa
D:6:      minmay_misc_feat_ornament, lemuel_another_geyser, uniq_edmund
D:7:      lemuel_crystal_altar, serial_shops, shop, shop_coins, grunt_livestock,
          sword_in_stone
D:8:      lemuel_round_altar
D:9:      serial_shops, shop
D:10:     minmay_orc_entry_temple_small, uniq_erolcha
D:11:     erik_lair_island, uniq_josephine, uniq_nergalle
Temple:   pf_slime_end_temple
Lair:1:   minmay_guarded_unrand_snakebite, basic_altar,
          minmay_lair_oklob_chamber, serial_bayou_shore_a, uniq_gastronok
Lair:2:   minmay_shoals_entry_beasts
Lair:3:   beast_lair_carwin_large_4, minmay_snake_entry_guardpost_large,
          minivault_23
Lair:4:   basic_altar, tgw_fedhas
Lair:5:   enter_volcano_4, grunt_forest_stairs_clearing, grunt_megastairs_4
Lair:6:   minmay_lair_end_enchanted_forest, minmay_slime_entry_oklob_enclosed,
          lab_entry_generic, lemuel_fruit_tree
Shoals:1: nicolae_shoals_aquamancer_cove
Snake:1:  serial_shops, shop
Snake:3:  nicolae_snake_nest, portal_ice_cave_entry_ice_statue_one,
          serial_shops, nicolae_shop_waterfront, special_room,
          minmay_shop_grove, serial_bayou_shore_b
Snake:4:  grunt_snake_rune_serpentine_throne, uniq_louise

Skill      XL: |  1  2  3  4  5  6  7  8  9 10 11 12 13 14 15 16 |
---------------+-------------------------------------------------+-----
Maces & Flails | 4 5 6 8 9 11 12 14 16 18 20 | 20.0
Armour         | 7 8 10 15 18 19 | 19.5
Fighting       | 10 | 10.6
Dodging        | |  1.5

Action                   |  1- 3 |  4- 6 |  7- 9 | 10-12 | 13-15 | 16-18 || total
-------------------------+-------+-------+-------+-------+-------+-------++-------
Melee: Mace              |   117 |    12 |       |       |       |       ||   129
       Flail             |       |   197 |   125 |       |       |       ||   322
       Whip              |       |       |   448 |    80 |       |       ||   528
       Great mace        |       |       |       |   563 |  1246 |   404 ||  2213
Invok: Berserk           |       |     5 |     4 |     5 |     5 |     3 ||    22
       Trog's Hand       |       |     1 |     1 |     5 |     9 |     8 ||    24
       Brothers in Arms  |       |       |       |     2 |       |     4 ||     6
 Abil: Fly               |       |       |       |       |     1 |       ||     1
       Stop Flying       |       |       |       |       |     1 |       ||     1
  Use: Scroll            |     9 |     1 |    14 |    14 |    16 |     2 ||    56
       Potion            |       |       |       |     4 |     7 |     3 ||    14
 Stab: Sleeping          |     2 |       |       |       |       |       ||     2
       Distracted        |       |       |       |       |       |     3 ||     3
  Eat: Chunk             |     1 |    26 |    15 |    46 |    39 |    15 ||   142
Armor: Animal skin       |    49 |    71 |       |       |       |       ||   120
       Troll leather arm |       |    20 |   197 |    35 |       |       ||   252
       Plate armour      |       |       |       |   459 |   929 |   563 ||  1951
Dodge: Dodged            |    90 |   160 |   209 |   219 |   404 |   141 ||  1223
